 Dungeon Crawl Stone Soup version 0.18-a0-19-g8b99b3a (webtiles) character file.

35 Nopony the Caller (level 3, 0/19 HPs)
             Began as a Deep Elf Summoner on Nov 1, 2015.
             Slain by an adder (4 damage)
             ... on level 2 of the Dungeon.
             The game lasted 00:11:10 (1404 turns).

Nopony the Caller (Deep Elf Summoner)               Turns: 1404, Time: 00:11:10

Health: 0/19       AC:  2    Str:  8    XL:     3   Next: 16%
Magic:  2/10       EV: 13    Int: 20    God:
Gold:   75         SH:  0    Dex: 15    Spells: 3 memorised, 3 levels left

rFire  . . .     SeeInvis .     (no weapon)
rCold  . . .     Clarity  .     a - +0 robe
rNeg   . . .     SustAt   .     (no shield)
rPois  .         Gourm    .     (no helmet)
rElec  .         Spirit   .     (no cloak)
rCorr  .         Warding  .     (no gloves)
rMut   .         Stasis   .     (no boots)
MR     .....                    (no amulet)
Stlth  ++........               (no ring)
                                k - +3 ring of strength

@: not resistant to hostile enchantments, unstealthy
A: no striking features
a: no special abilities


You were on level 2 of the Dungeon.
You were not hungry.

You visited 1 branch of the dungeon, and saw 2 of its levels.

You collected 75 gold pieces.

Inventory:

Hand Weapons
 j - a +0 halberd
 m - a +0 spear
Missiles
 l - 13 bolts
Armour
 a - a +0 robe (worn)
 d - a cursed +0 leather armour
 f - a +0 hat
Jewellery
 k - a +3 ring of strength (left hand)
Scrolls
 g - a scroll of identify
 i - a scroll of teleportation {unknown}
Potions
 e - 2 potions of invisibility {unknown}
 h - a potion of might {unknown}
Books
 b - a book of Callings

   Spells                             Type                      Level
   a - Summon Small Mammal            Summoning                    1
   b - Call Imp                       Summoning                    2
   c - Call Canine Familiar           Summoning                    3
   d - Summon Guardian Golem          Hexes/Summoning              3
   e - Summon Lightning Spire         Summoning/Air                4
   f - Summon Ice Beast               Ice/Summoning                4
Comestibles
 c - a bread ration


   Skills:
 + Level 2.6 Dodging
 + Level 2.4 Stealth
 + Level 4.0 Spellcasting
 * Level 0.3 Hexes
 + Level 5.0 Summonings


You had 3 spell levels left.
You knew the following spells:

 Your Spells              Type           Power        Failure   Level  Hunger
a - Summon Small Mammal   Summ           ###.         1%          1    None
b - Call Canine Familiar  Summ           ###.....     6%          3    ###....
c - Summon Guardian Gole  Hex/Summ       ##......     14%         3    ###....


Dungeon Overview and Level Annotations

Branches:
Dungeon (2/15)

Altars:


Message History

Gang up on whom?
Press: ? - help, Dir - move target cursor, f/p - adder
Aim: an adder (heavily wounded) Attack!
The adder completely misses you.
Your rat closely misses the adder.
Your rat misses the adder.
You feel sick.
You are no longer poisoned.
The adder bites you.
* * * LOW HITPOINT WARNING * * *
Your rat closely misses the adder.
Your rat misses the adder. The adder barely misses you.
The adder closely misses you.
Your rat bites the adder.
The adder misses you.
Casting: Summon Small Mammal
Confirm with . or Enter, or press ? or * to list all spells.
The adder barely misses you.
Your quokka bites the adder.
The adder bites you.
You die...

# #.#
#.#.#####......# S##
# #.#
#.#...r...####......
####.# #.#.#####.#
..... ...†.#
#.#.#...#.####......
######
#.#r#.#r#...........
#
#.#.#.#.#..####.#.##
# #.#.r.#.#..#
#.#####.#.##
##..@Sr.r#.#
#..#####.#.#
#########..# #.#.#
#..........# #.#..
#####.#######..#
#.#.# ....#.# #..#
..#.# ###.#.#####
#..# ###.. #.......#
#..# ####..##.###†.#


You could see an adder, a friendly quokka and a friendly rat.

Vanquished Creatures (collateral kills)
  An adder (D:2)
  A gnoll (D:2)
  4 worms (D:2)
  2 giant geckos
  4 hobgoblins (D:1)
  A ball python (D:2)
  3 bats
  A giant cockroach (D:2)
  3 giant newts
  4 goblins
  2 kobolds
  A quokka (D:2)
  A rat (D:1)
28 creatures vanquished.

Notes
Turn   | Place    | Note
--------------------------------------------------------------
     0 | D:1      | Nopony the Deep Elf Summoner began the quest for the Orb.
     0 | D:1      | Reached XP level 1. HP: 10/10 MP: 6/6
   426 | D:1      | Reached XP level 2. HP: 10/15 MP: 2/8
  1008 | D:2      | Reached XP level 3. HP: 3/19 MP: 6/10
  1267 | D:2      | Learned a level 3 spell: Call Canine Familiar
  1271 | D:2      | Learned a level 3 spell: Summon Guardian Golem
  1355 | D:2      | Reached skill level 5 in Summonings
  1404 | D:2      | Slain by an adder

Vault maps used:
D:1:      sevenhm_arrival_forest_fort_small_6
D:2:      roderic_lattice_a, serial_bayou_pond_c

Action                   || total
-------------------------++-------
Melee: Unarmed           ||     1
 Cast: Summon Small Mamm ||    60
       Call Canine Famil ||     4
  Use: Scroll            ||     5
  Eat: Beef jerky        ||     1
